[Event "FIDE WYCC Girls U18 2023"]
[Site "Montesilvano"]
[Date "2023.11.14"]
[Round "2.9"]
[White "Sevcikova, Lucia"]
[Black "Hoanca, Alexia-Ioana"]
[Result "1-0"]
[ECO "D31"]
[WhiteElo "2047"]
[BlackElo "1830"]
[Annotator "NA"]
[PlyCount "71"]
[EventDate "2023.11.13"]
[EventType "swiss"]
[EventCountry "ITA"]
[SourceTitle "playchess.com"]
[Source "ChessBase"]
[SourceQuality "1"]
[TimeControl "40/5400+30:1800+30"]

1. d4 d5 2. c4 e6 3. Nc3 h6 4. Nf3 Nf6 5. Bf4 Bd6 6. Bxd6 Qxd6 7. c5 Qe7 8. e3 O-O 9. Be2 Nbd7 10. O-O c6 11. b4 e5 12. b5 exd4 13. exd4 Ne4 14. Rc1 Ndf6 15. bxc6 bxc6 16. Ne5 Qc7 17. Nxe4 Nxe4 18. Qa4 Bd7 19. Bd3 Nf6 20. Rb1 Rab8 21. Rb3 Ne4 22. Bxe4 dxe4 23. Rfb1 Rxb3 24. Qxb3 Be6 25. Qb7 Qa5 26. Nxc6 Qxa2 27. d5 Bc8 28. Ne7+ Kh7 29. Nxc8 Rxc8 30. c6 Rc7 31. Qb3 Qxb3 32. Rxb3 Kg6 33. Rc3 Kf6 34. d6 Rc8 35. d7 Rb8 36. g3 1-0

[Event "FIDE WYCC Girls U18 2023"]
[Site "Montesilvano"]
[Date "2023.11.14"]
[Round "2.10"]
[White "Nguyen, Thien Ngan"]
[Black "Striskova, Lucia"]
[Result "1/2-1/2"]
[ECO "B95"]
[WhiteElo "1891"]
[BlackElo "2039"]
[Annotator "NA"]
[PlyCount "80"]
[EventDate "2023.11.13"]
[EventType "swiss"]
[EventCountry "ITA"]
[SourceTitle "playchess.com"]
[Source "ChessBase"]
[SourceQuality "1"]
[TimeControl "40/5400+30:1800+30"]

1. e4 c5 2. Nf3 d6 3. d4 cxd4 4. Nxd4 Nf6 5. Nc3 a6 6. Bg5 e6 7. Qd2 Be7 8. O-O-O Nbd7 9. Bd3 b5 10. a3 Bb7 11. f4 Qb6 12. Nf3 Rc8 13. Rhe1 Qc5 14. e5 Bxf3 15. gxf3 dxe5 16. Bxf6 Nxf6 17. fxe5 Nd5 18. Nxd5 Qxd5 19. Kb1 O-O 20. Qg2 Qc5 21. Re4 Rfd8 22. Rg1 g6 23. h4 Rd4 24. h5 Rxe4 25. hxg6 hxg6 26. Bxe4 Qxe5 27. Bxg6 Bf6 28. Be4+ Kf8 29. c3 Rd8 30. Qf2 Qc7 31. f4 a5 32. f5 e5 33. Qe2 Qc5 34. Rd1 Rxd1+ 35. Qxd1 b4 36. cxb4 axb4 37. a4 Ke7 38. Qd3 Qd4 39. a5 Qxd3+ 40. Bxd3 Kd6 1/2-1/2

[Event "FIDE WYCC Girls U18 2023"]
[Site "Montesilvano"]
[Date "2023.11.14"]
[Round "2.11"]
[White "Luong, Hoang Tu Linh"]
[Black "Trifoi, Mihaela-Ioana"]
[Result "1-0"]
[ECO "D53"]
[WhiteElo "1887"]
[BlackElo "2021"]
[Annotator "NA"]
[PlyCount "61"]
[EventDate "2023.11.13"]
[EventType "swiss"]
[EventCountry "ITA"]
[SourceTitle "playchess.com"]
[Source "ChessBase"]
[SourceQuality "1"]
[TimeControl "40/5400+30:1800+30"]

1. d4 d5 2. c4 e6 3. Nc3 Nf6 4. Bg5 Be7 5. cxd5 exd5 6. Qc2 O-O 7. e3 Nbd7 8. Bd3 Re8 9. Nf3 Nf8 10. h3 c6 11. O-O-O Be6 12. Kb1 Rc8 13. g4 a6 14. Na4 Ne4 15. Bxe7 Qxe7 16. Nc5 a5 17. Nxe4 dxe4 18. Bxe4 Bxa2+ 19. Kxa2 Qxe4 20. Qxe4 Rxe4 21. Ne5 c5 22. Nc4 cxd4 23. Nd6 Rce8 24. Nxe4 Rxe4 25. Rxd4 Re7 26. Rc1 g6 27. Rd5 b6 28. Rc8 Kg7 29. Rb8 Rc7 30. Rxb6 Rc2 31. f4 1-0

[Event "FIDE WYCC Girls U18 2023"]
[Site "Montesilvano"]
[Date "2023.11.14"]
[Round "2.12"]
[White "Lindstad, Livia"]
[Black "Dakic, Marta"]
[Result "1-0"]
[ECO "C50"]
[WhiteElo "1848"]
[BlackElo "2013"]
[Annotator "NA"]
[PlyCount "65"]
[EventDate "2023.11.13"]
[EventType "swiss"]
[EventCountry "ITA"]
[SourceTitle "playchess.com"]
[Source "ChessBase"]
[SourceQuality "1"]
[TimeControl "40/5400+30:1800+30"]

1. e4 e5 2. Nf3 Nc6 3. Bc4 Nf6 4. d3 Bc5 5. c3 d6 6. Bb3 O-O 7. h3 a5 8. Nbd2 Be6 9. Bc2 h6 10. Nf1 d5 11. Qe2 Qe7 12. Ng3 dxe4 13. dxe4 Rfd8 14. O-O a4 15. Nh4 Na5 16. Ngf5 Qf8 17. Qf3 Bc4 18. Re1 Ra6 19. Qg3 g5 20. Nf3 Nh5 21. Qxe5 Re6 22. Nxh6+ Rxh6 23. Qxg5+ Rg6 24. Qxh5 Qg7 25. Qxc5 Rxg2+ 26. Kh1 Be6 27. Qe5 Qxe5 28. Nxe5 Rxf2 29. Bxa4 Bxh3 30. Rg1+ Kh7 31. Be3 Rxb2 32. Nxf7 Rd3 33. Bd4 1-0

[Event "FIDE WYCC Girls U18 2023"]
[Site "Montesilvano"]
[Date "2023.11.14"]
[Round "2.13"]
[White "Sosovickova, Jana"]
[Black "Largo, Franchesca"]
[Result "1-0"]
[ECO "A21"]
[WhiteElo "2013"]
[BlackElo "1658"]
[Annotator "NA"]
[PlyCount "83"]
[EventDate "2023.11.13"]
[EventType "swiss"]
[EventCountry "ITA"]
[SourceTitle "playchess.com"]
[Source "ChessBase"]
[SourceQuality "1"]
[TimeControl "40/5400+30:1800+30"]

1. c4 e5 2. Nc3 Bb4 3. Nd5 Bc5 4. e3 c6 5. Nc3 Nf6 6. Nf3 e4 7. d4 Bb4 8. Nd2 d5 9. cxd5 cxd5 10. Qa4+ Nc6 11. Bb5 Qb6 12. Qxb4 a6 13. Bxc6+ Qxc6 14. b3 b5 15. Ba3 Qb7 16. Rc1 Rb8 17. Ne2 Bf5 18. Qd6 b4 19. Rc7 Qxc7 20. Qxc7 O-O 21. Bc1 Bd7 22. a4 Rfc8 23. Qf4 Rb6 24. h3 Rbc6 25. O-O h6 26. f3 exf3 27. Qxf3 Be6 28. Re1 a5 29. Nf1 Ne4 30. Nfg3 Nxg3 31. Qxg3 Bf5 32. Bd2 Rc2 33. Rd1 Rb2 34. e4 Bxe4 35. Bxh6 Bg6 36. Nf4 Rc6 37. Nxd5 Re6 38. Nf4 Ra6 39. Nxg6 Rxg6 40. Qb8+ Kh7 41. Bd2 Rxb3 42. Bf4 1-0

[Event "FIDE WYCC Girls U18 2023"]
[Site "Montesilvano"]
[Date "2023.11.14"]
[Round "2.14"]
[White "Bhagyashree Patil"]
[Black "Skarbarchuk, Tetyana"]
[Result "1-0"]
[ECO "D46"]
[WhiteElo "1830"]
[BlackElo "2010"]
[Annotator "NA"]
[PlyCount "81"]
[EventDate "2023.11.13"]
[EventType "swiss"]
[EventCountry "ITA"]
[SourceTitle "playchess.com"]
[Source "ChessBase"]
[SourceQuality "1"]
[TimeControl "40/5400+30:1800+30"]

1. d4 d5 2. Nf3 Nf6 3. e3 c6 4. c4 e6 5. Nc3 Bd6 6. Bd3 Nbd7 7. O-O O-O 8. b3 Re8 9. Qc2 Qe7 10. e4 dxc4 11. bxc4 e5 12. d5 Nc5 13. Be2 Nh5 14. g3 g6 15. Nd2 Ng7 16. Nb3 f5 17. Be3 Nd7 18. f3 f4 19. Bf2 fxg3 20. hxg3 Nh5 21. Qd2 Rf8 22. Kg2 Nc5 23. Rad1 Nxb3 24. axb3 c5 25. Nb5 b6 26. Nxd6 Qxd6 27. b4 cxb4 28. c5 bxc5 29. Rc1 Qd7 30. Rh1 a5 31. Qg5 Qg7 32. Bxc5 Re8 33. Bb5 h6 34. Qe3 Bd7 35. Bxd7 Qxd7 36. Qxh6 Qf7 37. f4 exf4 38. Bd4 Qh7 39. Rxh5 gxh5 40. Qg5+ Kf8 41. Qxf4+ 1-0

[Event "FIDE WYCC Girls U18 2023"]
[Site "Montesilvano"]
[Date "2023.11.14"]
[Round "2.16"]
[White "Latifah, Darmaki"]
[Black "Nguyen Hong Nhung"]
[Result "0-1"]
[ECO "B23"]
[WhiteElo "1367"]
[BlackElo "1975"]
[Annotator "NA"]
[PlyCount "72"]
[EventDate "2023.11.13"]
[EventType "swiss"]
[EventCountry "ITA"]
[SourceTitle "playchess.com"]
[Source "ChessBase"]
[SourceQuality "1"]
[TimeControl "40/5400+30:1800+30"]

1. e4 c5 2. Nc3 e6 3. f4 a6 4. Nf3 d5 5. d3 Nc6 6. Be2 Nf6 7. O-O Be7 8. Ne5 Nd4 9. Bf3 O-O 10. g4 Nxf3+ 11. Qxf3 d4 12. Ne2 Nd7 13. Nxd7 Bxd7 14. Bd2 f5 15. g5 Bc6 16. Qh3 c4 17. Ng3 Bc5 18. Rae1 g6 19. Qh6 Rf7 20. exf5 exf5 21. Re5 Bd6 22. Re6 Bf8 23. Qh3 Bb5 24. Rfe1 Rc8 25. dxc4 Bxc4 26. R6e5 Bd6 27. Re8+ Qxe8 28. Rxe8+ Rxe8 29. b3 Bb5 30. Qg2 Bc6 31. Qf1 Bc5 32. Qc4 Ba7 33. Bb4 d3+ 34. Bc5 d2 35. Qd3 Bxc5+ 36. Kf1 Re1# 0-1

[Event "FIDE WYCC Girls U18 2023"]
[Site "Montesilvano"]
[Date "2023.11.14"]
[Round "2.17"]
[White "Sovetbekova, Nurai"]
[Black "Kurmangaliyeva, Liya"]
[Result "1/2-1/2"]
[ECO "E09"]
[WhiteElo "1801"]
[BlackElo "2236"]
[Annotator "ChessBase"]
[PlyCount "130"]
[EventDate "2023.11.13"]
[EventType "swiss"]
[EventCountry "ITA"]
[SourceTitle "playchess.com"]
[Source "ChessBase"]
[SourceQuality "1"]
[TimeControl "40/5400+30:1800+30"]

1. d4 d5 2. c4 e6 3. Nf3 c6 4. Nbd2 Nf6 5. g3 Be7 6. Bg2 O-O 7. O-O Nbd7 8. Qc2 b6 9. e4 dxe4 10. Nxe4 Bb7 11. Nxf6+ Nxf6 12. Rd1 Qc8 13. c5 Rd8 14. Bd2 h6 15. Rac1 Nd5 16. Ne5 Bf6 17. Be1 Qc7 18. Nc4 Ba6 19. Nd6 Be7 20. Ne4 Rac8 21. a3 e5 22. b4 exd4 23. Rxd4 Qe5 24. Rcd1 Re8 25. h4 Bf8 26. Qa2 Rcd8 27. Qc2 bxc5 28. Nxc5 Bc8 29. Bc3 Qh5 30. R4d2 Bg4 31. Rf1 Bf5 32. Qc1 Qg4 33. Bb2 Be7 34. Rd4 Qg6 35. Re1 Bf6 36. Rdd1 Bxh4 37. Rxe8+ Rxe8 38. Re1 Rf8 39. Ne4 Be7 40. Nd2 Bg5 41. Bd4 Rd8 42. Qb2 h5 43. Nf3 h4 44. Nxg5 Qxg5 45. gxh4 Qg4 46. Be5 Qxh4 47. Bg3 Qg4 48. Qc1 Qg6 49. Qc5 a6 50. a4 Bd3 51. Rc1 Be4 52. Bxe4 Qxe4 53. Qxc6 Qxb4 54. Rd1 Qb3 55. Rd4 Qb1+ 56. Kh2 Qf5 57. Qxa6 Qh7+ 58. Kg2 Re8 59. Qb5 Nf6 60. Qb4 Qc2 61. Qc4 Qb2 62. Qb4 Qa1 63. Qc4 g6 64. Rh4 Qd1 65. Qd4 Qxd4 1/2-1/2

[Event "FIDE WYCC Girls U18 2023"]
[Site "Montesilvano"]
[Date "2023.11.14"]
[Round "2.18"]
[White "Hyatt, Jessica"]
[Black "Wikar, Martyna"]
[Result "0-1"]
[ECO "E90"]
[WhiteElo "1818"]
[BlackElo "2228"]
[Annotator "ChessBase"]
[PlyCount "94"]
[EventDate "2023.11.13"]
[EventType "swiss"]
[EventCountry "ITA"]
[SourceTitle "playchess.com"]
[Source "ChessBase"]
[SourceQuality "1"]
[TimeControl "40/5400+30:1800+30"]

1. d4 Nf6 2. c4 g6 3. Nc3 Bg7 4. e4 d6 5. Nf3 O-O 6. Be3 Ng4 7. Bg5 h6 8. Bh4 c5 9. d5 b5 10. cxb5 a6 11. h3 Ne5 12. Nxe5 Bxe5 13. Qd2 Qa5 14. f4 Bd4 15. Ne2 Qxd2+ 16. Kxd2 Bxb2 17. Rb1 Bf6 18. Bxf6 exf6 19. b6 Bb7 20. Nc3 Nd7 21. Bc4 Kg7 22. Bb3 Nxb6 23. Ba4 Nc4+ 24. Kd3 Na5 25. Rb6 Rfd8 26. Rhb1 Ra7 27. g4 Bc8 28. Rb8 h5 29. g5 fxg5 30. fxg5 f5 31. gxf6+ Kxf6 32. Bc6 g5 33. Rf1+ Kg6 34. h4 Rf7 35. Rxf7 Kxf7 36. hxg5 Rg8 37. g6+ Kg7 38. Ke3 Rf8 39. Ba4 Nc4+ 40. Kd3 Ne5+ 41. Ke3 h4 42. Bd1 h3 43. Be2 h2 44. Rb1 Ng4+ 45. Bxg4 Bxg4 46. Rh1 Rf3+ 47. Kd2 Rh3 0-1

[Event "FIDE WYCC Girls U18 2023"]
[Site "Montesilvano"]
[Date "2023.11.14"]
[Round "2.19"]
[White "Abrisqueta Zudaire, Leyre"]
[Black "Ajradinoska, Indzi"]
[Result "1-0"]
[ECO "A40"]
[WhiteElo "2137"]
[BlackElo "1594"]
[Annotator "NA"]
[PlyCount "117"]
[EventDate "2023.11.13"]
[EventType "swiss"]
[EventCountry "ITA"]
[SourceTitle "playchess.com"]
[Source "ChessBase"]
[SourceQuality "1"]
[TimeControl "40/5400+30:1800+30"]

1. d4 e6 2. c4 Nf6 3. g3 d5 4. Nf3 Bb4+ 5. Bd2 Be7 6. Bg2 c6 7. O-O O-O 8. Qc2 Nbd7 9. Rd1 b6 10. Bf4 Ba6 11. b3 Re8 12. Nc3 Nh5 13. Bc1 Qc7 14. e4 dxe4 15. Nxe4 Rad8 16. Bb2 c5 17. d5 exd5 18. Neg5 Nf8 19. Qf5 Nf6 20. Ne5 Bc8 21. Qf4 Bd6 22. Ngxf7 Bxe5 23. Nxe5 d4 24. Nd3 Ne6 25. Qxc7 Nxc7 26. b4 Re2 27. bxc5 bxc5 28. Ba3 Ba6 29. Rdc1 Ne6 30. Bf3 Rd2 31. Nxc5 Nxc5 32. Bxc5 Rd3 33. Bg2 Rc3 34. Rd1 Rxc4 35. Bxa7 d3 36. Rd2 Rc2 37. Be3 Rxd2 38. Bxd2 Rc8 39. Rd1 Rc2 40. a3 Nd7 41. Bb4 Nf6 42. Bf1 Ng4 43. Bxd3 Bxd3 44. Rxd3 Ne5 45. Rc3 Ra2 46. h3 h5 47. Bd6 Nf7 48. Bc5 Ng5 49. Be3 Ra1+ 50. Kg2 Nf7 51. Rc8+ Kh7 52. Ra8 Nd6 53. a4 Nc4 54. Ra7 Rd1 55. a5 Rd3 56. Kf3 Ra3 57. a6 Nd6 58. Ra8 Nb5 59. a7 1-0

[Event "FIDE WYCC Girls U18 2023"]
[Site "Montesilvano"]
[Date "2023.11.14"]
[Round "2.20"]
[White "Swara Lakshmi S Nair"]
[Black "Cornileau, Juliette"]
[Result "0-1"]
[ECO "B67"]
[WhiteElo "1659"]
[BlackElo "2089"]
[Annotator "NA"]
[PlyCount "66"]
[EventDate "2023.11.13"]
[EventType "swiss"]
[EventCountry "ITA"]
[SourceTitle "playchess.com"]
[Source "ChessBase"]
[SourceQuality "1"]
[TimeControl "40/5400+30:1800+30"]

1. e4 c5 2. Nf3 Nc6 3. d4 cxd4 4. Nxd4 Nf6 5. Nc3 d6 6. Bg5 e6 7. Qd2 a6 8. O-O-O Bd7 9. f3 Nxd4 10. Qxd4 Be7 11. h4 h6 12. Be3 h5 13. Kb1 b5 14. Bg5 Qc7 15. Bd3 b4 16. Ne2 e5 17. Qf2 Be6 18. Rhe1 O-O 19. Nc1 a5 20. Qg3 Rfc8 21. f4 Bg4 22. Rd2 a4 23. fxe5 dxe5 24. Bf1 b3 25. cxb3 Nxe4 26. Qe3 Nxd2+ 27. Qxd2 Bxg5 28. hxg5 Bf5+ 29. Ka1 axb3 30. Nxb3 Rxa2+ 31. Kxa2 Ra8+ 32. Na5 Rxa5+ 33. Kb3 Be6+ 0-1

[Event "FIDE WYCC Girls U18 2023"]
[Site "Montesilvano"]
[Date "2023.11.14"]
[Round "2.21"]
[White "Tsapaki, Asimenia"]
[Black "Hakobyan, Astghik"]
[Result "1/2-1/2"]
[ECO "B13"]
[WhiteElo "1702"]
[BlackElo "2073"]
[Annotator "NA"]
[PlyCount "135"]
[EventDate "2023.11.13"]
[EventType "swiss"]
[EventCountry "ITA"]
[SourceTitle "playchess.com"]
[Source "ChessBase"]
[SourceQuality "1"]
[TimeControl "40/5400+30:1800+30"]

1. e4 c6 2. d4 d5 3. exd5 cxd5 4. Bd3 Nf6 5. h3 Nc6 6. c3 e5 7. dxe5 Nxe5 8. Nf3 Nxd3+ 9. Qxd3 Bd6 10. O-O O-O 11. Bg5 h6 12. Bxf6 Qxf6 13. Nbd2 Rd8 14. Nd4 a6 15. N2f3 g5 16. Ne2 Bf5 17. Qd4 Qg6 18. Rad1 Re8 19. Ng3 Bc2 20. Rd2 Bf4 21. Rxc2 Bxg3 22. Rd2 Bf4 23. Rdd1 Re2 24. Qb4 b5 25. Rxd5 Rae8 26. Rfd1 Qc2 27. Rd8 Kh7 28. Qb3 Qxb3 29. axb3 Rxd8 30. Rxd8 Rxb2 31. g3 Bc7 32. Rd7 Bb6 33. Nd2 Kg7 34. Kf1 a5 35. Rd5 a4 36. Rxb5 a3 37. Rxb6 a2 38. Ra6 Rxd2 39. Kg2 Kf8 40. b4 Ke7 41. c4 Rc2 42. b5 f5 43. c5 Rxc5 44. Rxa2 Rxb5 45. Ra6 h5 46. Rh6 Kf7 47. Rxh5 Kg6 48. Rh8 Rb4 49. Ra8 Kf6 50. Ra6+ Kg7 51. Re6 Kf7 52. Re3 Kg6 53. Rf3 Ra4 54. Rb3 Kf6 55. Kf3 Kf7 56. g4 fxg4+ 57. hxg4 Kf6 58. Kg3 Kg6 59. Rb6+ Kg7 60. Rb5 Ra3+ 61. f3 Kg6 62. Rf5 Ra2 63. Re5 Kf6 64. Re3 Rb2 65. f4 gxf4+ 66. Kxf4 Rb4+ 67. Kg3 Rb1 68. Ra3 1/2-1/2

[Event "FIDE WYCC Girls U18 2023"]
[Site "Montesilvano"]
[Date "2023.11.14"]
[Round "2.22"]
[White "Obada, Ema"]
[Black "Ivanovic, Tara"]
[Result "1-0"]
[ECO "C54"]
[WhiteElo "2023"]
[BlackElo "1575"]
[Annotator "NA"]
[PlyCount "55"]
[EventDate "2023.11.13"]
[EventType "swiss"]
[EventCountry "ITA"]
[SourceTitle "playchess.com"]
[Source "ChessBase"]
[SourceQuality "1"]
[TimeControl "40/5400+30:1800+30"]

1. e4 e5 2. Nf3 Nc6 3. Bc4 Bc5 4. c3 Nf6 5. d3 a6 6. O-O d6 7. Bb3 Ba7 8. Nbd2 O-O 9. Re1 Re8 10. h3 h6 11. Nf1 Be6 12. Ng3 d5 13. exd5 Bxd5 14. Bc2 Qd7 15. b4 Rad8 16. a4 b5 17. Nh4 Be6 18. Qf3 Bd5 19. Ne4 Nxe4 20. dxe4 Bc4 21. Nf5 Ne7 22. axb5 Bxb5 23. Bb3 Nxf5 24. exf5 Qd3 25. Qg4 Kf8 26. Bxh6 gxh6 27. Rad1 Bxf2+ 28. Kxf2 1-0

[Event "FIDE WYCC Girls U18 2023"]
[Site "Montesilvano"]
[Date "2023.11.14"]
[Round "2.23"]
[White "Margadgua Erdenebayar"]
[Black "Keerti Shree Reddy"]
[Result "1-0"]
[ECO "B24"]
[WhiteElo "2013"]
[BlackElo "1741"]
[Annotator "NA"]
[PlyCount "107"]
[EventDate "2023.11.13"]
[EventType "swiss"]
[EventCountry "ITA"]
[SourceTitle "playchess.com"]
[Source "ChessBase"]
[SourceQuality "1"]
[TimeControl "40/5400+30:1800+30"]

1. e4 c5 2. Nc3 Nc6 3. Bb5 g6 4. Bxc6 dxc6 5. d3 Bg7 6. Be3 b6 7. Qd2 Nf6 8. h3 O-O 9. Nf3 Ne8 10. Bh6 b5 11. Bxg7 Kxg7 12. Ne5 Qd6 13. f4 f6 14. Nf3 Nc7 15. e5 Qe6 16. Ne4 c4 17. O-O cxd3 18. cxd3 Qd5 19. Rfc1 Ne6 20. Qb4 Rf7 21. exf6+ exf6 22. Qd6 Rd7 23. Qxc6 Qxc6 24. Rxc6 Nxf4 25. Nc5 Rf7 26. Nd4 Re7 27. Rf1 g5 28. Nxb5 Bb7 29. Nxb7 Rxb7 30. a4 a6 31. Nc7 Raa7 32. Ne6+ Nxe6 33. Rxe6 Rxb2 34. Rfxf6 Rc7 35. Rf3 g4 36. hxg4 Rcc2 37. Rg3 a5 38. Re5 Rb1+ 39. Kh2 Rcc1 40. Rge3 Rb4 41. Rxa5 Ra1 42. Rg5+ Kf6 43. Rf5+ Kg7 44. a5 Ra3 45. Re7+ Kg6 46. Re6+ Kg7 47. Rd5 Kf7 48. Rc6 Ke7 49. Rh5 Rxd3 50. Rxh7+ Kd8 51. Ra6 Rb8 52. Rh8+ Kc7 53. Ra7+ Rb7 54. Rh7+ 1-0

[Event "FIDE WYCC Girls U18 2023"]
[Site "Montesilvano"]
[Date "2023.11.14"]
[Round "2.24"]
[White "Voriskova, Anna"]
[Black "Sele, Timea"]
[Result "1-0"]
[ECO "C54"]
[WhiteElo "2065"]
[BlackElo "1456"]
[Annotator "NA"]
[PlyCount "65"]
[EventDate "2023.11.13"]
[EventType "swiss"]
[EventCountry "ITA"]
[SourceTitle "playchess.com"]
[Source "ChessBase"]
[SourceQuality "1"]
[TimeControl "40/5400+30:1800+30"]

1. e4 e5 2. Nf3 Nc6 3. Bc4 Bc5 4. c3 Nf6 5. d4 exd4 6. cxd4 Bb4+ 7. Bd2 Bxd2+ 8. Nbxd2 O-O 9. e5 d5 10. Bd3 Re8 11. O-O Nh5 12. Rc1 Nf4 13. Bb1 Bg4 14. Nb3 Ne6 15. Qd3 g6 16. Rfd1 Ne7 17. Nc5 Nxc5 18. Rxc5 c6 19. b4 a6 20. h3 Bxf3 21. Qxf3 Nf5 22. Bxf5 gxf5 23. Qxf5 Re6 24. Rd3 Rg6 25. Rf3 Qe7 26. a4 Qe8 27. h4 b6 28. Rcc3 Qe6 29. Qf4 Rc8 30. h5 Rg4 31. Rg3 Rxg3 32. Rxg3+ Kh8 33. Qg5 1-0

[Event "FIDE WYCC Girls U18 2023"]
[Site "Montesilvano"]
[Date "2023.11.14"]
[Round "2.25"]
[White "Saraci, Rinesa"]
[Black "Groeschel, Karoline"]
[Result "1/2-1/2"]
[ECO "A45"]
[WhiteElo "1481"]
[BlackElo "1924"]
[Annotator "ChessBase"]
[PlyCount "256"]
[EventDate "2023.11.13"]
[EventType "swiss"]
[EventCountry "ITA"]
[SourceTitle "playchess.com"]
[Source "ChessBase"]
[SourceQuality "1"]
[TimeControl "40/5400+30:1800+30"]

1. d4 Nf6 2. Bf4 d5 3. e3 c5 4. Nf3 Nc6 5. c3 Qb6 6. Qb3 c4 7. Qxb6 axb6 8. Nbd2 b5 9. Ne5 b4 10. Nxc6 bxc6 11. e4 bxc3 12. bxc3 e6 13. a4 Ba6 14. Be2 Nd7 15. O-O Be7 16. Rfe1 Nb6 17. Bc7 Nc8 18. Bd1 Kd7 19. Bg3 Bd6 20. Bxd6 Nxd6 21. Bc2 h6 22. Nf3 Rhb8 23. exd5 cxd5 24. Reb1 Kc7 25. Ne5 Bc8 26. Kf1 f6 27. Ng6 Bd7 28. Rxb8 Rxb8 29. Ra2 Nb7 30. Nf4 g5 31. Nh5 f5 32. f4 Na5 33. fxg5 hxg5 34. h3 Nb3 35. Ke1 Ra8 36. Ng7 Kd6 37. Rb2 Bxa4 38. Nh5 Rb8 39. Ra2 Bc6 40. Ra6 Ra8 41. Rxa8 Bxa8 42. g3 Bc6 43. h4 gxh4 44. gxh4 Ke7 45. Nf4 Be8 46. Bd1 Na5 47. Kf2 Kf6 48. Bf3 Bf7 49. Kg3 Nb7 50. Ne2 e5 51. dxe5+ Kxe5 52. h5 Nd6 53. h6 Bg8 54. Kh4 Ne4 55. Bh5 Bh7 56. Bf7 f4 57. Nxf4 Kxf4 58. Bxd5 Nd6 59. Kh5 Ke5 60. Bf3 Kf6 61. Bd5 Bd3 62. Bf3 Bg6+ 63. Kg4 Nf5 64. Be2 Nxh6+ 65. Kf4 Bf7 66. Ke4 Nf5 67. Kf4 Nd6 68. Ke3 Ke5 69. Kd2 Ne4+ 70. Kc2 Kf4 71. Bf1 Ke3 72. Bh3 Bg6 73. Kb2 Kd2 74. Be6 Nd6 75. Bd5 Bd3 76. Be6 Ne4 77. Bxc4 Bxc4 78. Ka3 Kxc3 79. Ka4 Kd4 80. Kb4 Nc3 81. Ka3 Nd1 82. Kb4 Nb2 83. Ka3 Nd3 84. Ka4 Kc5 85. Ka3 Bd5 86. Ka4 Kc4 87. Ka3 Bc6 88. Ka2 Kc3 89. Ka3 Nc5 90. Ka2 Nb3 91. Ka3 Be4 92. Ka4 Nd4 93. Ka3 Bc2 94. Ka2 Nb3 95. Ka3 Bb1 96. Ka4 Nd4 97. Ka3 Nb5+ 98. Ka4 Kc4 99. Ka5 Kc5 100. Ka6 Nd6 101. Ka5 Bc2 102. Ka6 Bd1 103. Ka7 Be2 104. Kb8 Kb6 105. Ka8 Nb7 106. Kb8 Nc5 107. Kc8 Bg4+ 108. Kd8 Kc6 109. Ke7 Ne4 110. Kf7 Kd6 111. Kf8 Ke6 112. Kg7 Bf5 113. Kf8 Ng5 114. Kg7 Nf7 115. Kf8 Kf6 116. Kg8 Be4 117. Kf8 Bh7 118. Ke8 Ne5 119. Kf8 Nd7+ 120. Ke8 Ke6 121. Kd8 Kd6 122. Ke8 Bg6+ 123. Kd8 Nc5 124. Kc8 Bh5 125. Kd8 Nb7+ 126. Kc8 Kc6 127. Kb8 Kb6 128. Kc8 Bg4+ 1/2-1/2

[Event "FIDE WYCC Girls U18 2023"]
[Site "Montesilvano"]
[Date "2023.11.14"]
[Round "2.26"]
[White "Galli, Maria Vittoria"]
[Black "Menon, Gauri"]
[Result "1/2-1/2"]
[ECO "C84"]
[WhiteElo "1452"]
[BlackElo "1821"]
[Annotator "NA"]
[PlyCount "74"]
[EventDate "2023.11.13"]
[EventType "swiss"]
[EventCountry "ITA"]
[SourceTitle "playchess.com"]
[Source "ChessBase"]
[SourceQuality "1"]
[TimeControl "40/5400+30:1800+30"]

1. e4 e5 2. Nf3 Nc6 3. Bb5 a6 4. Ba4 Nf6 5. O-O Be7 6. Nc3 b5 7. Bb3 O-O 8. Re1 d6 9. h3 Na5 10. d4 Nxb3 11. axb3 exd4 12. Nxd4 Bb7 13. Nf5 Re8 14. Nd5 Nxd5 15. exd5 Bf6 16. c4 Qd7 17. Ne3 c6 18. dxc6 Qxc6 19. Nd5 Rxe1+ 20. Qxe1 Re8 21. Qd1 bxc4 22. bxc4 Re4 23. Nxf6+ gxf6 24. Qd5 Re1+ 25. Kh2 Qc7 26. Qd4 Re4 27. Qxf6 Re6 28. Qf4 Rg6 29. f3 Qb6 30. Qe3 Qb4 31. Qc3 Qxc3 32. bxc3 Re6 33. Bf4 Re2 34. Kg3 Rc2 35. Bxd6 Rxc3 36. c5 Rc2 37. Rb1 Bc8 1/2-1/2

[Event "FIDE WYCC Girls U18 2023"]
[Site "Montesilvano"]
[Date "2023.11.14"]
[Round "2.27"]
[White "Stagno, Milena"]
[Black "Alexandrova, Angelina"]
[Result "1/2-1/2"]
[ECO "C18"]
[WhiteElo "1444"]
[BlackElo "1814"]
[Annotator "NA"]
[PlyCount "79"]
[EventDate "2023.11.13"]
[EventType "swiss"]
[EventCountry "ITA"]
[SourceTitle "playchess.com"]
[Source "ChessBase"]
[SourceQuality "1"]
[TimeControl "40/5400+30:1800+30"]

1. e4 e6 2. d4 d5 3. Nc3 Bb4 4. e5 c5 5. a3 Bxc3+ 6. bxc3 Qc7 7. Bd2 Ne7 8. Qg4 O-O 9. Bd3 c4 10. Bh6 Ng6 11. Bxg6 fxg6 12. Be3 Qf7 13. Kd2 Bd7 14. Ne2 Qf5 15. Qg3 Ba4 16. Rac1 Na6 17. h4 Nc7 18. h5 g5 19. Qxg5 Qxg5 20. Bxg5 Rxf2 21. g3 Nb5 22. Be3 Rf7 23. Rb1 a5 24. Nf4 Re7 25. Rhf1 Ra6 26. Rf2 Rb6 27. Rbf1 Rf7 28. g4 Nxa3 29. Ra1 Nb1+ 30. Ke1 Nxc3 31. Bd2 Rb1+ 32. Rxb1 Nxb1 33. Bxa5 Na3 34. c3 Bd7 35. Bb4 Nb5 36. Ra2 Nc7 37. Rf2 Ba4 38. Bd6 Nb5 39. Bb4 Nc7 40. Bd6 1/2-1/2

[Event "FIDE WYCC Girls U18 2023"]
[Site "Montesilvano"]
[Date "2023.11.14"]
[Round "2.28"]
[White "Darweeche, Roaa"]
[Black "Hernandez Ortega, Carolina"]
[Result "0-1"]
[ECO "A05"]
[WhiteElo "1406"]
[BlackElo "1796"]
[Annotator "NA"]
[PlyCount "88"]
[EventDate "2023.11.13"]
[EventType "swiss"]
[EventCountry "ITA"]
[SourceTitle "playchess.com"]
[Source "ChessBase"]
[SourceQuality "1"]
[TimeControl "40/5400+30:1800+30"]

1. Nf3 Nf6 2. c4 e6 3. e3 d5 4. d4 Nbd7 5. Nc3 Bb4 6. a3 Bxc3+ 7. bxc3 O-O 8. Bd3 c5 9. O-O b6 10. a4 Re8 11. cxd5 Nxd5 12. Qc2 cxd4 13. cxd4 h6 14. Ba3 Bb7 15. Rfc1 Rc8 16. Qb2 Qf6 17. Nd2 Ba8 18. Ne4 Qh4 19. Nd6 Rxc1+ 20. Rxc1 Rd8 21. Nc8 Qg5 22. Be4 N7f6 23. Bf3 a6 24. Ne7+ Nxe7 25. Bxe7 Bxf3 26. g3 Re8 27. Bd6 Qd5 28. Qxb6 Bh1 29. Kf1 Qg2+ 30. Ke2 Qf3+ 31. Ke1 Ne4 32. Rc2 Qg2 33. Qxa6 Qg1+ 34. Ke2 Qxf2+ 35. Kd1 Bf3+ 36. Kc1 Qxe3+ 37. Kb1 Qb3+ 38. Kc1 Nxd6 39. Qxd6 Be4 40. Rb2 Qc3+ 41. Kd1 Qxb2 42. Qf4 Rc8 43. Qd2 Rc2 44. Qe3 Qb1+ 0-1

[Event "FIDE WYCC Girls U18 2023"]
[Site "Montesilvano"]
[Date "2023.11.14"]
[Round "2.29"]
[White "Egger, Stefanie"]
[Black "Monteiro, Helen Ramazzotte"]
[Result "1-0"]
[ECO "E95"]
[WhiteElo "1784"]
[BlackElo "1447"]
[Annotator "NA"]
[PlyCount "87"]
[EventDate "2023.11.13"]
[EventType "swiss"]
[EventCountry "ITA"]
[SourceTitle "playchess.com"]
[Source "ChessBase"]
[SourceQuality "1"]
[TimeControl "40/5400+30:1800+30"]

1. d4 Nf6 2. c4 g6 3. Nc3 Bg7 4. e4 d6 5. Nf3 O-O 6. Be2 Nbd7 7. O-O e5 8. Re1 a5 9. Bf1 Nh5 10. Rb1 b6 11. d5 Nc5 12. Bg5 f6 13. Bh4 g5 14. Nd2 Nf4 15. Bg3 Qe8 16. Nb5 Qf7 17. b3 h5 18. f3 h4 19. Bf2 Kh7 20. a3 Rh8 21. b4 Ncd3 22. Bxd3 Nxd3 23. Rf1 Nf4 24. Nc3 Bd7 25. c5 bxc5 26. bxc5 dxc5 27. Bxc5 Rab8 28. Qc2 g4 29. Rxb8 Rxb8 30. Be3 h3 31. Bxf4 hxg2 32. Kxg2 gxf3+ 33. Nxf3 exf4 34. e5+ Qg6+ 35. Qxg6+ Kxg6 36. e6 Be8 37. Nd4 Bh6 38. Kf3 Bg5 39. h4 Bxh4 40. Kxf4 Bg5+ 41. Ke4 Rc8 42. Rb1 c5 43. Nf5 a4 44. Ne7+ 1-0